SL
CHICAGO GOLD SOX @ PHILADELPHIA 1776 BC
09/03/2032
 
TOP OF THE 1ST
Chicago Gold Sox batting - Pitching for Philadelphia 1776 BC : RHP Elroy Thompkins
Pitching: RHP Elroy Thompkins
Batting: LHB Noel Ballard 0-0: Ball
1-0: Called Strike
1-1: Ball
2-1: Ball
3-1: SINGLE (Line Drive, 6MD)
Batting: RHB Ramón Rodríguez 0-0: Ball
1-0: Called Strike
1-1: SINGLE (Groundball, 5D)
Noel Ballard to second
Batting: RHB Jay Hood 0-0: Foul Ball, location: 2F
0-1: Ball
1-1: Foul Ball, location: 2F
1-2: Grounds into double play, 5-4-3 (Groundball, 56)
Noel Ballard to third
Batting: RHB Jeb Sexton 0-0: Ground out 4-3 (Groundball, 4)
Top of the 1st over - 0 runs, 2 hits, 0 errors, 1 left on base; Chicago 0 - Philadelphia 1776 0
BOTTOM OF THE 1ST
Philadelphia 1776 BC batting - Pitching for Chicago Gold Sox : LHP Jesús Franco
Pitching: LHP Jesús Franco
Batting: LHB Kelvin Abbott 0-0: Called Strike
0-1: Fly out, F9 (Flyball, 9S)
Batting: RHB Mario Castillo 0-0: Ball
1-0: Foul Ball, location: 2F
1-1: Foul Ball, location: 2F
1-2: Strikes out swinging
Batting: RHB Karl Blanke 0-0: Ball
1-0: Foul Ball, location: 2F
1-1: Called Strike
1-2: Ball
2-2: Strikes out looking
Bottom of the 1st over - 0 runs, 0 hits, 0 errors, 0 left on base; Chicago 0 - Philadelphia 1776 0
TOP OF THE 2ND
Chicago Gold Sox batting - Pitching for Philadelphia 1776 BC : RHP Elroy Thompkins
Batting: SHB Lupo Cotto 0-0: Swinging Strike
0-1: Ball
1-1: Foul Ball, location: 2F
1-2: Ball
2-2: Strikes out swinging
Batting: LHB Sergio Rodríguez 0-0: Called Strike
0-1: Ball
1-1: SOLO HOME RUN (Line Drive, 9LD), Distance : 345 ft
Batting: RHB Zeus Preckwinkle 0-0: Ball
1-0: Foul Ball, location: 2F
1-1: Ground out 5-3 (Groundball, 5L)
Batting: RHB Norman Winston 0-0: Ball
1-0: Ball
2-0: Called Strike
2-1: Foul Ball, location: 2F
2-2: Foul Ball, location: 2F
2-2: Foul Ball, location: 2F
2-2: Foul Ball, location: 2F
2-2: Foul Ball, location: 2F
2-2: Foul Ball, location: 2F
2-2: Ball
3-2: Foul Ball, location: 2F
3-2: DOUBLE (Line Drive, 7LM)
Batting: RHB Gomez Talone 0-0: Ground out 6-3 (Groundball, 6)
Top of the 2nd over - 1 run, 2 hits, 0 errors, 1 left on base; Chicago 1 - Philadelphia 1776 0
BOTTOM OF THE 2ND
Philadelphia 1776 BC batting - Pitching for Chicago Gold Sox : LHP Jesús Franco
Batting: RHB Phil Moore 0-0: Called Strike
0-1: Ball
1-1: Ball
2-1: Ground out 6-3 (Groundball, 6)
Batting: RHB Eddie Sachs 0-0: Ground out 6-3 (Groundball, 6)
Batting: LHB Manoo Satyavrat 0-0: Called Strike
0-1: SINGLE (Popup, 4D)
Batting: RHB Kevin Malone 0-0: Ball
Throwing error on steal attempt, E2
Manoo Satyavrat to third
1-0: Foul Ball, location: 2F
1-1: Called Strike
1-2: Foul Ball, location: 2F
1-2: Foul Ball, location: 2F
1-2: Foul Ball, location: 2F
1-2: Ground out 5-3 (Groundball, 56)
Bottom of the 2nd over - 0 runs, 1 hit, 1 error, 1 left on base; Chicago 1 - Philadelphia 1776 0
TOP OF THE 3RD
Chicago Gold Sox batting - Pitching for Philadelphia 1776 BC : RHP Elroy Thompkins
Batting: LHB Noel Ballard 0-0: Ball
1-0: Called Strike
1-1: Ball
2-1: Foul Ball, location: 2F
2-2: Ball
3-2: Reached on error, E3 (Groundball, 34)
Batting: RHB Ramón Rodríguez 0-0: Called Strike
0-1: Fly out, F9 (Flyball, 9LDF)
Runner from 2nd tags up, SAFE at 3rd, no throw
Batting: RHB Jay Hood 0-0: Ball
1-0: Ground out 6-3 (Groundball, 6)
Noel Ballard scores
Batting: RHB Jeb Sexton 0-0: Ball
1-0: Ball
2-0: SINGLE (Groundball, 6MD)
Batting: SHB Lupo Cotto 0-0: Ball
Jeb Sexton steals 2nd base
1-0: Called Strike
1-1: Foul Ball, location: 2F
1-2: Ground out 1-3 (Groundball, P)
Top of the 3rd over - 1 run, 1 hit, 1 error, 1 left on base; Chicago 2 - Philadelphia 1776 0
BOTTOM OF THE 3RD
Philadelphia 1776 BC batting - Pitching for Chicago Gold Sox : LHP Jesús Franco
Batting: RHB Kent Summey 0-0: Swinging Strike
0-1: Ball
1-1: Called Strike
1-2: Strikes out swinging
Batting: RHB Mikko Haataja 0-0: Called Strike
0-1: Ground out 5-3 (Groundball, 5L)
Batting: LHB Kelvin Abbott 0-0: Ball
1-0: Ground out 4-3 (Groundball, 4D)
Bottom of the 3rd over - 0 runs, 0 hits, 0 errors, 0 left on base; Chicago 2 - Philadelphia 1776 0
TOP OF THE 4TH
Chicago Gold Sox batting - Pitching for Philadelphia 1776 BC : RHP Elroy Thompkins
Batting: LHB Sergio Rodríguez 0-0: Ball
1-0: Fly out, F9 (Line Drive, 89D)
Batting: RHB Zeus Preckwinkle 0-0: Ball
1-0: Ball
2-0: Foul Ball, location: 2F
2-1: Called Strike
2-2: Ball
3-2: Foul Ball, location: 2F
3-2: Ground out 6-3 (Groundball, 56)
Batting: RHB Norman Winston 0-0: Ball
1-0: Ball
2-0: Foul Ball, location: 2F
2-1: Swinging Strike
2-2: Hit by Pitch
Batting: RHB Gomez Talone 0-0: Called Strike
Norman Winston steals 2nd base
0-1: Called Strike
0-2: Ball
1-2: Fly out, F7 (Flyball, 78M)
Top of the 4th over - 0 runs, 0 hits, 0 errors, 1 left on base; Chicago 2 - Philadelphia 1776 0
BOTTOM OF THE 4TH
Philadelphia 1776 BC batting - Pitching for Chicago Gold Sox : LHP Jesús Franco
Batting: RHB Mario Castillo 0-0: Called Strike
0-1: Ball
1-1: Ball
2-1: Foul Ball, location: 2F
2-2: Foul Ball, location: 2F
2-2: Ground out 5-3 (Groundball, 5L)
Batting: RHB Karl Blanke 0-0: Called Strike
0-1: Swinging Strike
0-2: Ball
1-2: Ball
2-2: Strikes out swinging
Batting: RHB Phil Moore 0-0: Ball
1-0: Called Strike
1-1: Ball
2-1: Swinging Strike
2-2: Ground out 6-3 (Groundball, 6)
Bottom of the 4th over - 0 runs, 0 hits, 0 errors, 0 left on base; Chicago 2 - Philadelphia 1776 0
TOP OF THE 5TH
Chicago Gold Sox batting - Pitching for Philadelphia 1776 BC : RHP Elroy Thompkins
Batting: LHB Noel Ballard 0-0: Fly out, F8 (Flyball, 78S)
Batting: RHB Ramón Rodríguez 0-0: Ball
1-0: Ball
2-0: Foul Ball, location: 2F
2-1: Ball
3-1: Foul Ball, location: 2F
3-2: Fly out, F5 (Line Drive, 5)
Batting: RHB Jay Hood 0-0: Ball
1-0: Ball
2-0: SOLO HOME RUN (Flyball, 78XD), Distance : 434 ft
Batting: RHB Jeb Sexton 0-0: Called Strike
0-1: Foul Ball, location: 2F
0-2: Ball
1-2: Ball
2-2: Ball
3-2: Strikes out swinging
Top of the 5th over - 1 run, 1 hit, 0 errors, 0 left on base; Chicago 3 - Philadelphia 1776 0
BOTTOM OF THE 5TH
Philadelphia 1776 BC batting - Pitching for Chicago Gold Sox : LHP Jesús Franco
Batting: RHB Eddie Sachs 0-0: Ball
1-0: Ball
2-0: Foul Ball, location: 2F
2-1: Swinging Strike
2-2: Strikes out swinging, 2-3 out at first.
Batting: LHB Manoo Satyavrat 0-0: Called Strike
0-1: Ground out 6-3 (Groundball, 6)
Batting: RHB Kevin Malone 0-0: Called Strike
0-1: Ball
1-1: Foul Ball, location: 2F
1-2: Strikes out swinging
Bottom of the 5th over - 0 runs, 0 hits, 0 errors, 0 left on base; Chicago 3 - Philadelphia 1776 0
TOP OF THE 6TH
Chicago Gold Sox batting - Pitching for Philadelphia 1776 BC : RHP Elroy Thompkins
Batting: SHB Lupo Cotto 0-0: Called Strike
0-1: SINGLE (Flyball, 9S)
Batting: LHB Sergio Rodríguez 0-0: Ball
1-0: Foul Ball, location: 2F
1-1: Called Strike
1-2: Ground out 4-3 (Groundball, 4)
Lupo Cotto to second
Batting: RHB Zeus Preckwinkle 0-0: Called Strike
0-1: Swinging Strike
0-2: Ball
1-2: Ground out 5-3 (Groundball, 5S)
Lupo Cotto to third
Batting: RHB Norman Winston 0-0: Ball
1-0: Ball
2-0: Ball
3-0: Base on Balls
Batting: RHB Gomez Talone 0-0: Ball
1-0: Swinging Strike
1-1: Ball
2-1: Fielders Choice at 2nd, 6-4 (Groundball, 6)
Top of the 6th over - 0 runs, 1 hit, 0 errors, 2 left on base; Chicago 3 - Philadelphia 1776 0
BOTTOM OF THE 6TH
Philadelphia 1776 BC batting - Pitching for Chicago Gold Sox : LHP Jesús Franco
Batting: RHB Kent Summey 0-0: Called Strike
0-1: Ball
1-1: Swinging Strike
1-2: Ground out 5-3 (Groundball, 56S)
Batting: RHB Mikko Haataja 0-0: Ball
1-0: Ball
2-0: Fly out, F8 (Flyball, 8LD)
Batting: LHB Kelvin Abbott 0-0: Ground out 4-3 (Groundball, 4)
Bottom of the 6th over - 0 runs, 0 hits, 0 errors, 0 left on base; Chicago 3 - Philadelphia 1776 0
TOP OF THE 7TH
Chicago Gold Sox batting - Pitching for Philadelphia 1776 BC : RHP Elroy Thompkins
Batting: LHB Noel Ballard 0-0: Ball
1-0: Foul Ball, location: 2F
1-1: Foul Ball, location: 2F
1-2: Foul Ball, location: 2F
1-2: Ball
2-2: Strikes out swinging
Pitching: RHP Bernardo Valdés
Batting: RHB Ramón Rodríguez 0-0: Called Strike
0-1: Ball
1-1: Foul Ball, location: 2F
1-2: Reached on error, E5 (Groundball, 5S)
Batting: RHB Jay Hood 0-0: Intentional Walk
Batting: RHB Jeb Sexton 0-0: Called Strike
0-1: Fly out, F9 (Flyball, 9LM)
Batting: SHB Lupo Cotto 0-0: Called Strike
0-1: Called Strike
0-2: Fly out, F9 (Flyball, 9S)
Top of the 7th over - 0 runs, 0 hits, 1 error, 2 left on base; Chicago 3 - Philadelphia 1776 0
BOTTOM OF THE 7TH
Philadelphia 1776 BC batting - Pitching for Chicago Gold Sox : LHP Jesús Franco
Batting: RHB Mario Castillo 0-0: Ball
1-0: Ball
2-0: Called Strike
2-1: Ball
3-1: SINGLE (Line Drive, 6M)
Batting: RHB Karl Blanke 0-0: Ball
1-0: Foul Ball, location: 2F
1-1: Fly out, F9 (Flyball, 9LMF)
Batting: RHB Phil Moore 0-0: 2-RUN HOME RUN (Flyball, 7D), Distance : 397 ft
Batting: RHB Eddie Sachs 0-0: SOLO HOME RUN (Flyball, 7LD), Distance : 349 ft
Batting: LHB Manoo Satyavrat 0-0: Fly out, F8 (Flyball, 8RM)
Batting: RHB Kevin Malone 0-0: Called Strike
0-1: Ball
1-1: Swinging Strike
1-2: Foul Ball, location: 2F
1-2: Foul Ball, location: 2F
1-2: Ground out 6-3 (Groundball, 6)
Bottom of the 7th over - 3 runs, 3 hits, 0 errors, 0 left on base; Chicago 3 - Philadelphia 1776 3
TOP OF THE 8TH
Chicago Gold Sox batting - Pitching for Philadelphia 1776 BC : RHP Bernardo Valdés
Batting: LHB Sergio Rodríguez 0-0: Ground out 4-3 (Groundball, 4S)
Batting: RHB Zeus Preckwinkle 0-0: Foul Ball, location: 2F
0-1: Ball
1-1: SINGLE (Line Drive, 56D)
Batting: RHB Norman Winston 0-0: Swinging Strike
0-1: Ball
1-1: Called Strike
1-2: Ball
2-2: Foul Ball, location: 2F
2-2: Ground out 6-3 (Groundball, 6MS)
Zeus Preckwinkle to second
Batting: RHB Gomez Talone 0-0: Called Strike
0-1: Called Strike
0-2: Ball
1-2: Strikes out looking
Top of the 8th over - 0 runs, 1 hit, 0 errors, 1 left on base; Chicago 3 - Philadelphia 1776 3
BOTTOM OF THE 8TH
Philadelphia 1776 BC batting - Pitching for Chicago Gold Sox : LHP Jesús Franco
Batting: RHB Kent Summey 0-0: Ball
1-0: Swinging Strike
1-1: Ball
2-1: Ball
3-1: Base on Balls
Batting: RHB Mikko Haataja 0-0: Fielders Choice at 2nd, 6-4 (Groundball, 6)
Batting: LHB Kelvin Abbott 0-0: Ball
1-0: Sac Bunt - play at first, batter OUT! 3-4
Mikko Haataja to second
Batting: RHB Mario Castillo 0-0: SINGLE (Line Drive, 8LS)
Mikko Haataja to third
Runner from 3rd tries for Home, SAFE, no throw
Batting: RHB Karl Blanke 0-0: Called Strike
0-1: Ball
1-1: Called Strike
1-2: Ball
2-2: Ball
3-2: Base on Balls
Mario Castillo to second
Batting: RHB Phil Moore 0-0: Ball
1-0: Swinging Strike
1-1: Foul Ball, location: 2F
1-2: Foul Ball, location: 2F
1-2: Fly out, F3 (Popup, 3SF)
Bottom of the 8th over - 1 run, 1 hit, 0 errors, 2 left on base; Chicago 3 - Philadelphia 1776 4
TOP OF THE 9TH
Chicago Gold Sox batting - Pitching for Philadelphia 1776 BC : RHP Bernardo Valdés
Pitching: RHP Tony Solíz
Batting: LHB Noel Ballard 0-0: Ball
1-0: Called Strike
1-1: Called Strike
1-2: Strikes out looking
Batting: RHB Ramón Rodríguez 0-0: Called Strike
0-1: SINGLE (Flyball, 7S)
Batting: RHB Jay Hood 0-0: Foul Ball, location: 2F
0-1: Swinging Strike
0-2: SINGLE (Flyball, 34D)
Ramón Rodríguez to second
Runner from 2nd tries for 3rd, SAFE, no throw
Batting: RHB Jeb Sexton 0-0: Ground out U3 (Groundball, 34)
Jay Hood to second
Batting: SHB Lupo Cotto 0-0: Foul Ball, location: 2F
0-1: Swinging Strike
0-2: Ball
1-2: Ball
2-2: Strikes out swinging
Top of the 9th over - 0 runs, 2 hits, 0 errors, 2 left on base; Chicago 3 - Philadelphia 1776 4
Wednesday, September 19th, 2018 - OOTP Baseball 18.8 Build 76